Unix NetHack Version 3.7.0-94 Work-in-progress - last build Dec 18 2023 00:11:04 (7e3deff068b9ef4f2ebb9a71ea0f5c4a3b578a14,branch:master). Game began 2023-12-24 10:43:07, ended 2023-12-24 11:20:05. elenmirie, neutral female human Tourist -+------ |.<.....# ------ |......|# |."=.| |......|# |....| .......|# #@.@d=| |......|# h------ ---+----# # # # ## # # ## ## # #----.---# #|......|# #........# |..%...| -------- Elenmirie the Rambler St:13 Dx:10 Co:14 In:14 Wi:8 Ch:17 Neutral Dlvl:3 $:722 HP:0(16) Pw:7(7) AC:10 Xp:2/37 T:989 Latest messages: The gnome zombie hits! You miss the gnome zombie. You hit the gnome zombie. Yermak picks up a ring called 152 ste. The gnome zombie hits! You miss the gnome zombie. The gnome zombie hits! Yermak drops a ring called 152 ste. You miss the gnome zombie. The gnome zombie hits! You miss the gnome zombie. You destroy the gnome zombie! Yermak picks up a ring called 152 ste. Yermak drops a ring called 152 ste. You see here a ring called 152 ste (no charge). Yermak picks up a ring called 100 cop. x - a ring called 152 ste. You hear bubbling water. You hear the splashing of a naiad. Yermak drops a ring called 100 cop. Yermak picks up a ring called 100 cop. Yermak drops a ring called 100 cop. What do you want to throw? [$a or ?*] * In what direction? l Yermak catches the tripe ration. Yermak eats an uncursed tripe ration. You see here a ring called 100 cop (no charge). y - a ring called 100 cop. Yermak picks up a ring called 300 eng. Yermak drops a ring called 300 eng. Yermak picks up a ring called 300 eng. Yermak drops a ring called 300 eng. You see here a ring called 300 eng (no charge). z - a ring called 300 eng. Yermak picks up a ring called 100 tig. Yermak drops a ring called 100 tig. You see here a ring called 100 tig (no charge). v - a ring called 100 tig. The hobbit thrusts her dagger. The hobbit hits! You miss the hobbit. The hobbit thrusts her dagger. The hobbit hits! You die... Haparanda gratefully inherits all your possessions. Do you want to see what you had when you died? [ynq] (y) y Do you want to see your attributes? [ynq] (y) y Do you want an account of creatures vanquished? [ynaq] (y) y Do you want to see your conduct and achievements? [ynq] (y) y Do you want to see the dungeon overview? [ynq] (y) y Inventory: Coins $ - 722 gold pieces Weapons a - 20 blessed +2 darts (at the ready) Armor k - an uncursed +0 Hawaiian shirt with a tropical fish motif (being worn) Comestibles b - 10 uncursed food rations e - an uncursed tin of smoked newt meat c - an uncursed tin of szechuan jackal meat Scrolls o - an uncursed scroll of enchant weapon i - a blessed scroll of magic mapping j - 3 uncursed scrolls of magic mapping u - an uncursed scroll of taming Potions s - an uncursed potion of booze g - a blessed potion of extra healing h - an uncursed potion of extra healing q - an uncursed potion of speed Rings z - an uncursed ring of conflict x - an uncursed ring of free action v - an uncursed -2 ring of protection w - an uncursed ring of searching y - an uncursed ring of warning Tools m - an uncursed credit card l - an uncursed expensive camera (0:40) t - a cursed magic marker (0:32) p - a cursed tallow candle Elenmirie the Tourist's attributes: Background: You were a Rambler, a level 2 female human Tourist. You were neutral, on a mission for The Lady who was opposed by Blind Io (lawful) and Offler (chaotic). You were right-handed. You were in the Dungeons of Doom, on level 3. You entered the dungeon 989 turns ago. You had 37 experience points, 3 more were needed to attain level 3. Basics: You had 0 out of 16 hit points. You had all 7 energy points (spell power). Your armor class was 10. Your wallet contained 722 zorkmids. Autopickup was on for '$' plus thrown. Final Characteristics: Your strength was 13 (limit:18/100). Your dexterity was 10 (limit:18). Your constitution was 14 (limit:18). Your intelligence was 14 (limit:18). Your wisdom was 8 (limit:18). Your charisma was 17 (limit:18). Final Status: You weren't hungry. You were unencumbered. You were bare handed. You were unskilled in bare handed combat. Final Attributes: You were stridently aligned. You are dead. Miscellaneous: You never encountered a bones level. Total elapsed playing time was 36 minutes and 57 seconds. Major events: Turn 1: elenmirie the neutral female human Tourist entered the dungeon 528: read a Discworld novel 989: killed by a hobbit Vanquished creatures: a coyote a gnome zombie a gecko 3 jackals a grid bug 3 lichens 7 newts 17 creatures vanquished. No species were genocided or became extinct. Voluntary challenges: You were an atheist. You never hit with a wielded weapon. You read items or engraved 4 times. You never engraved Elbereth. You never genocided any monsters. You never polymorphed an object. You never changed form. You used no wishes. Achievements: You entered a shop. You read from a Discworld novel. The Dungeons of Doom: levels 1 to 3 Level 1: A fountain. Level 2: A scroll shop, a fountain. Level 3: <- You were here. A jewelers. Final resting place for you, killed by a hobbit. Game over: ---------- / \ / REST \ / IN \ / PEACE \ / \ | elenmirie | | 722 Au | | killed by a | | hobbit | | | | | | 2023 | *| * * * | * _________)/\\_//(\/(/\)/\//\/|_)_______ Aloha elenmirie the Tourist... You died in The Dungeons of Doom on dungeon level 3 with 354 points, and 722 pieces of gold, after 989 moves. You were level 2 with a maximum of 16 hit points when you died.